 Dungeon Crawl Stone Soup version 0.20-a0-947-g2784f4f (webtiles) character file.

57055 Jm2c the Brawler (level 14, 0/146 HPs)
             Began as a Troll Assassin on Mar 2, 2017.
             Was a High Priest of Dithmenos.
             Succumbed to a black mamba's poison
             ... on level 4 of the Lair of Beasts on Apr 3, 2017.
             The game lasted 04:13:43 (20345 turns).

Jm2c the Brawler (Troll Assassin)                  Turns: 20345, Time: 04:13:48

Health: 0/146      AC: 18    Str: 22    XL:     14   Next: 44%
Magic:  16/16      EV:  9    Int:  7    God:    Dithmenos [*****.]
Gold:   2076       SH:  0    Dex: 13    Spells: 13/13 levels left

rFire    . . .     SeeInvis .     - Unarmed
rCold    + . .     Gourm    +   (no shield)
rNeg     . . .     Faith    .   T - +4 troll leather armour
rPois    .         Spirit   .   (helmet restricted)
rElec    .         Reflect  .   u - +2 cloak {+Inv}
rCorr    .         Harm     .   (gloves unavailable)
MR       +....                  (boots unavailable)
Stlth    ++........             c - amulet "Atyxaix" {Gourm +Inv rC+}
Regen    1.2/turn               P - +6 ring of slaying
MPRegen  0.2/turn               E - +4 ring of protection

@: lethally poisoned (0 -> -22), very slightly contaminated, slowed, wreathed by
umbra, heavily drained, very slow
A: unfitting armour, claws 3, horns 1, clumsy 1, fast metabolism 3, gourmand,
regeneration 1, shaggy fur 1, tough skin 2
a: Shadow Step, Shadow Form, Renounce Religion, Evoke Invisibility


You were on level 4 of the Lair of Beasts.
You worshipped Dithmenos.
Dithmenos was extremely pleased with you.
You were very full.

You visited 3 branches of the dungeon, and saw 18 of its levels.
You also visited: Labyrinth, Ossuary, Bailey and Ice Cave.

You collected 2331 gold pieces.
You spent 255 gold pieces at shops.

Inventory:

Hand Weapons
 a - a +5 blowgun
 k - a +0 hunting sling of velocity
Missiles
 e - 53 poisoned needles
 h - 240 stones (quivered)
Armour
 u - a +2 cloak of invisibility (worn)
 T - a +4 troll leather armour (worn)
Jewellery
 c - the amulet "Atyxaix" (around neck) {Gourm +Inv rC+}
   (You found it on level 9 of the Dungeon)

   [amulet of the gourmand]

   It allows you to eat raw meat even when not hungry.
   It protects you from cold.
   It lets you turn invisible.
 l - an uncursed ring of ice
 n - a +4 ring of strength
 z - an uncursed amulet of rage
 E - a +4 ring of protection (right claw)
 O - an uncursed ring of flight
 P - a +6 ring of slaying (left claw)
 W - an uncursed ring of stealth
 X - an uncursed ring of teleportation
Wands
 f - a wand of paralysis (0/24)
 v - a wand of lightning (3/15)
 H - a wand of lightning (6/15)
 L - a wand of acid (6/15)
 N - a wand of acid (3/15)
 U - a wand of disintegration (13/24)
 Y - a wand of confusion (8/48)
Scrolls
 p - 4 scrolls of teleportation
 q - 2 scrolls of enchant armour
 t - 2 scrolls of identify
 w - 14 scrolls of remove curse
 y - 3 scrolls of brand weapon
 D - 5 scrolls of recharging
 F - a scroll of amnesia
 I - a scroll of fog
 S - a scroll of fear
Potions
 b - 3 potions of resistance
 i - 2 potions of invisibility
 m - 6 potions of curing
 o - 2 potions of brilliance
 x - 6 potions of cancellation
 A - 3 potions of lignification
 B - 3 potions of heal wounds
 C - 5 potions of haste
 G - 4 potions of mutation
 J - 6 potions of flight
 K - a potion of berserk rage
 M - 2 potions of might
 Q - 2 potions of ambrosia
Miscellaneous
 d - a lightning rod (4/4)
Comestibles
 g - 11 bread rations
 j - 10 royal jellies
 r - 4 meat rations
 V - 11 fruits


   Skills:
 + Level 11.4(10.0) Fighting
   Level 1.5(0.4) Short Blades
 - Level 7.5(6.2) Throwing
 - Level 1.3(0.2) Dodging
 - Level 2.1(1.0) Stealth
 * Level 18.1(16.4) Unarmed Combat
 - Level 4.7(3.5) Evocations


You had 13 spell levels left.
You didn't know any spells.

Dungeon Overview and Level Annotations

Branches:
Dungeon (11/15)            Temple (1/1) D:6            Lair (6/6) D:9
 Shoals (0/4) Lair:4        Snake (0/4) Lair:4        Slime (0/5) Lair:5
    Orc: D:9-12

Altars:
Ashenzari
Cheibriados
Dithmenos
Elyvilon
Fedhas
Gozag
Hepliaklqana
Kikubaaqudgha
Makhleb
Nemelex Xobeh
Okawaru
Qazlal
Ru
Sif Muna
Trog
Uskayaw
Vehumet
Wu Jian
Xom
Yredelemnul
Zin
The Shining One
Jiyva

Shops:
D:8 }**[%

Annotations:
D:7 5 runed doors
Lair:4 exclusion: 3 oklob plants


Innate Abilities, Weirdness & Mutations

You are too large for most types of armour.
You have claws for hands.
Your metabolism is lightning-fast.
You like to eat raw meat.
Your natural rate of healing is unusually fast.
You are covered in fur. (AC +1)
You have very tough skin. (AC +2)
You have a pair of small horns on your head.
You are clumsy. (Dex -2)


Message History

You feel as though you will be slow longer.
The black mamba barely misses you. The wraith barely misses you.
Blink to where?
Press: ? - help, Dir - move target cursor You are very lightly contaminated with residual magic.
As you read the scroll of blinking, it crumbles to dust.
You feel very sick.
You feel very sick.
The black mamba bites you but does no damage.
The black mamba bites you.
* * * LOW HITPOINT WARNING * * *
You are lethally poisoned!
The black mamba poisons you! The wraith hits you.
* * * LOW HITPOINT WARNING * * *
The wraith drains your vigour!
You feel as though you will be slow longer.
The black mamba closely misses you.
You climb upwards.
Level annotation: exclusion: 3 oklob plants You die...

...................#...>...#.....
#..................#.......#>.#..
#..................#..###..#.....
...##.P............##.....##.....
....................#.....#......
...........)##....####.).###.....
............#......####)####..P..
##.P##............P.....)........
##.###.........S@.......รท........
#### ##.........W.##.............
#..............#....[.......
##.........#.................
#####.........####.##............
#.#..............#..#............
.................................
.................................
.................................


You could see a black mamba and a wraith.

Vanquished Creatures
  A frost giant (IceCv)
  Josephine (Lair:6)
  Snorg (Lair:6)
  A minotaur (Lab)
  5 hydras
  Urug (Lair:4)
  A deep troll (D:11)
  An unseen horror (D:11)
  A lindwurm (Lair:4)
  An orc knight (Bailey)
  An ugly thing (D:10)
  A manticore (Lair:2)
  The ghost of luab the Scholar of Death, a novice DsNe of Kikubaaqudgha (D:7)
  7 elephants
  7 black mambas
  2 gargoyles (Lab)
  A molten gargoyle (Lair:6)
  15 spiny frogs
  10 komodo dragons
  3 rime drakes
  A queen bee (Lair:2)
  2 trolls
  Grinder (D:4)
  18 polar bears
  A hornet (D:8)
  7 dream sheep (Lair:5)
  A minotaur skeleton (Lab)
  8 hippogriffs
  29 blink frogs
  A redback (Lab)
  32 yaks
  Eustachio (D:6)
  4 wyverns
  The ghost of morra the Skirmisher, an amateur DrTm (D:3)
  A wraith (Lair:6)
  4 basilisks
  2 hungry ghosts
  Menkaure (D:5)
  Duvessa (D:6)
  6 nagas (Lair:4)
  17 water moccasins
  5 porcupines
  3 black bears
  4 sky beasts
  2 ice beasts
  2 swamp drakes (Lair:4)
  9 orc warriors
  A necrophage (D:7)
  2 phantoms
  5 ogres
  24 wolves
  5 centaurs
  10 crocodiles
  A gnoll sergeant (D:4)
  17 bullfrogs
  Dowan (D:6)
  12 scorpions
  33 killer bees
  2 electric eels
  2 howler monkeys (D:4)
  A crimson imp (D:6)
  A bullfrog zombie (D:8)
  4 hounds
  A centaur zombie (D:8)
  A jelly (D:6)
  5 gnoll shamans (D:4)
  5 orc priests
  4 bullfrog skeletons
  5 orc wizards
  3 centaur skeletons
  2 iguanas
  3 worker ants
  4 big kobold zombies (Ossuary)
  A hound skeleton (D:4)
  2 mummies (Ossuary)
  Robin (D:2)
  46 gnolls
  13 adders
  A howler monkey skeleton (D:4)
  5 scorpion zombies (Ossuary)
  2 shadow imps (D:6)
  12 white imps (Lair:5)
  4 adder skeletons
  A worm (D:2)
  2 dart slugs (D:2)
  3 leopard geckos
  51 orcs
  8 giant cockroaches
  A gnoll zombie (Ossuary)
  21 goblins
  22 hobgoblins
  28 jackals
  4 quokkas
  2 ball pythons
  8 bats
  8 frilled lizards
  2 goblin zombies (Ossuary)
  2 hobgoblin zombies (Ossuary)
  10 kobolds
  4 kobold zombies (Ossuary)
  A leopard gecko skeleton (D:5)
  An orc zombie (Ossuary)
  3 rats
  A bush (D:6)
  A butterfly (Lair:3)
  3 fungi
  3 plants
657 creatures vanquished.

Vanquished Creatures (others)
  A mummy (Ossuary)
  11 fungi
  19 plants
31 creatures vanquished.

Grand Total: 688 creatures vanquished

Notes
Turn   | Place    | Note
-------+----------+-------------------------------------------
     0 | D:1      | Jm2c the Troll Assassin began the quest for the Orb.
     0 | D:1      | Reached XP level 1. HP: 19/19 MP: 0/0
    80 | D:1      | Reached skill level 1 in Dodging
   153 | D:1      | Reached XP level 2. HP: 28/28 MP: 1/1
   354 | D:1      | Reached skill level 1 in Unarmed Combat
   763 | D:1      | Reached XP level 3. HP: 33/35 MP: 2/2
  1063 | D:2      | Noticed Robin
  1082 | D:2      | Killed Robin
  1082 | D:2      | Reached skill level 2 in Unarmed Combat
  1585 | D:2      | Found a sacrificial altar of Ru.
  1589 | D:2      | Found an opulent altar of Gozag.
  1613 | D:2      | Found a basalt altar of Yredelemnul.
  1615 | D:2      | Found an ornate altar of the Wu Jian Council.
  1616 | D:2      | Found a bloodstained altar of Trog.
  1689 | D:2      | Reached XP level 4. HP: 42/42 MP: 3/3
  2095 | D:3      | Noticed morra's ghost (amateur DrTm)
  2117 | D:2      | Reached skill level 3 in Unarmed Combat
  2609 | D:3      | Reached XP level 5. HP: 43/50 MP: 4/4
  2979 | D:3      | Killed morra's ghost
  2979 | D:3      | Reached skill level 4 in Unarmed Combat
  2979 | D:3      | Reached XP level 6. HP: 28/59 MP: 5/5
  3796 | D:4      | Reached skill level 5 in Unarmed Combat
  3930 | D:4      | Noticed Grinder
  3951 | D:4      | Killed Grinder
  3951 | D:4      | Reached XP level 7. HP: 53/67 MP: 6/6
  4288 | D:4      | Reached skill level 6 in Unarmed Combat
  4526 | D:4      | Reached XP level 8. HP: 76/78 MP: 7/7
  5000 | D:4      | Reached skill level 7 in Unarmed Combat
  5109 | D:5      | Entered Level 5 of the Dungeon
  5211 | D:5      | Noticed Menkaure
  5225 | D:5      | Killed Menkaure
  5225 | D:5      | Reached skill level 5 in Throwing
  5399 | D:5      | Found a sand-covered staircase.
  5416 | Ossuary  | Entered an ossuary
  5532 | Ossuary  | Reached skill level 8 in Unarmed Combat
  5747 | Ossuary  | Reached skill level 5 in Fighting
  5897 | Ossuary  | Reached XP level 9. HP: 88/88 MP: 8/8
  6086 | D:5      | Found a shimmering altar of Xom.
  6420 | D:6      | Noticed Duvessa
  6421 | D:6      | Noticed Dowan
  6429 | D:6      | Killed Duvessa
  6433 | D:6      | Killed Dowan
  6539 | D:6      | Noticed Eustachio
  6554 | D:6      | Killed Eustachio
  6554 | D:6      | Reached skill level 9 in Unarmed Combat
  6747 | D:6      | Found a staircase to the Ecumenical Temple.
  6943 | Temple   | Entered the Ecumenical Temple
  7029 | Temple   | Became a worshipper of Dithmenos the Shadowed
  7094 | D:6      | Upgraded the game from 0.20-a0-800-g4a616ed to 0.20-a0-809-gaf7f668
  7319 | D:7      | Found a runed door.
  7425 | D:7      | Found a stormy altar of Qazlal.
  7529 | D:7      | Found a huge runed gate.
  7529 | D:7      | Found a huge runed gate.
  7529 | D:7      | Found a huge runed gate.
  7529 | D:7      | Found a huge runed gate.
  7529 | D:7      | Noticed a manticore
  7529 | D:7      | Noticed a polar bear
  7529 | D:7      | Noticed a manticore
  7529 | D:7      | Noticed a polar bear
  7530 | D:7      | Noticed a death yak
  7530 | D:7      | Noticed a polar bear
  7621 | D:7      | Noticed luab's ghost (novice DsNe)
  7710 | D:7      | Found a flagged portal.
  7755 | Bailey   | Entered a bailey
  7821 | Bailey   | Reached skill level 10 in Unarmed Combat
  7911 | Bailey   | Reached * piety under Dithmenos
  7963 | Bailey   | Noticed an orc knight
  7999 | Bailey   | Killed an orc knight
  7999 | Bailey   | Reached XP level 10. HP: 67/98 MP: 9/9
  8147 | Bailey   | Noticed an orc warlord
  8159 | Bailey   | HP: 4/100 [orc warlord/bolt (34)]
  8189 | Bailey   | HP: 3/100 [orc warrior/hand axe (9)]
  8443 | D:7      | Killed luab's ghost
  8833 | D:8      | Reached skill level 11 in Unarmed Combat
  8912 | D:8      | Found Uhiaf's Food Emporium.
  8933 | D:8      | Found Qiehis's General Store.
  8984 | D:8      | Bought a potion of haste for 120 gold pieces
  8989 | D:8      | Found Nilaex's Antique Armour Boutique.
  9004 | D:8      | Bought an embroidered cloak for 135 gold pieces
  9060 | D:8      | Reached ** piety under Dithmenos
  9153 | D:8      | Reached skill level 1 in Evocations
  9237 | D:8      | Found Jungy's Assorted Antiques.
  9338 | D:8      | Found Hawaq's Gadget Boutique.
  9966 | D:8      | Upgraded the game from 0.20-a0-809-gaf7f668 to 0.20-a0-828-gbdc6353
 10064 | D:9      | Found a staircase to the Lair.
 10166 | D:9      | Reached XP level 11. HP: 104/109 MP: 11/11
 10268 | D:8      | Reached skill level 12 in Unarmed Combat
 10381 | D:9      | Got a transparent diamond amulet
 10382 | D:9      | Identified the amulet "Atyxaix" {Gourm +Inv rC+} (You found it on level 9 of the Dungeon)
 10526 | D:9      | Reached *** piety under Dithmenos
 10822 | D:10     | Entered Level 10 of the Dungeon
 11269 | D:10     | Noticed a cyan ugly thing
 11275 | D:10     | Killed a cyan ugly thing
 11470 | D:10     | Upgraded the game from 0.20-a0-828-gbdc6353 to 0.20-a0-891-ga2611f4
 11560 | D:11     | Killed an unseen horror
 11661 | D:11     | Noticed a deep troll
 11667 | D:11     | Killed a deep troll
 11761 | D:11     | Noticed a stone giant
 11857 | D:11     | Identified a scroll of acquirement
 11931 | D:11     | Noticed a two-headed ogre
 12061 | Lair:1   | Entered Level 1 of the Lair of Beasts
 12101 | Lair:1   | Found a labyrinth entrance.
 12120 | Lab      | Entered a labyrinth
 12272 | Lab      | Reached skill level 13 in Unarmed Combat
 12476 | Lab      | Noticed a minotaur
 12507 | Lab      | Killed a minotaur
 12579 | Lab      | Identified the Papyrus of Displacement
 13052 | Lair:1   | Reached XP level 12. HP: 117/122 MP: 14/14
 13774 | Lair:2   | Reached **** piety under Dithmenos
 13795 | Lair:2   | Upgraded the game from 0.20-a0-891-ga2611f4 to 0.20-a0-942-ga5226df
 13827 | Lair:2   | Reached skill level 14 in Unarmed Combat
 14091 | Lair:2   | Upgraded the game from 0.20-a0-942-ga5226df to 0.20-a0-947-g2784f4f
 14478 | Lair:2   | Reached skill level 15 in Unarmed Combat
 15096 | Lair:2   | Noticed a six-headed hydra
 15168 | Lair:1   | Reached ***** piety under Dithmenos
 15297 | Lair:3   | Noticed a seven-headed hydra
 15610 | Lair:2   | Killed a six-headed hydra
 15610 | Lair:2   | Reached XP level 13. HP: 132/132 MP: 12/15
 16527 | Lair:4   | Found a staircase to the Shoals.
 16647 | Lair:4   | Reached skill level 10 in Fighting
 16943 | Lair:4   | Reached skill level 16 in Unarmed Combat
 17300 | Lair:4   | Found a staircase to the Snake Pit.
 17435 | Lair:4   | Noticed Urug
 17452 | Lair:4   | Killed Urug
 17744 | Lair:5   | Found a frozen archway.
 17791 | IceCv    | Entered an ice cave
 18236 | IceCv    | Noticed a frost giant
 18256 | IceCv    | Killed a frost giant
 18261 | IceCv    | Reached skill level 17 in Unarmed Combat
 18666 | Lair:5   | Found a viscous altar of Jiyva.
 18666 | Lair:5   | Found a staircase to the Slime Pits.
 18894 | Lair:5   | Reached XP level 14. HP: 144/144 MP: 16/16
 19023 | Lair:5   | Found a white marble altar of Elyvilon.
 19607 | Lair:6   | Entered Level 6 of the Lair of Beasts
 19610 | Lair:5   | Gained mutation: Scrolls take you a little longer to read. [potion of mutation]
 19610 | Lair:5   | Gained mutation: Scrolls take you longer to read. [potion of mutation]
 19610 | Lair:5   | Gained mutation: Your mind is acute. (Int +2) [potion of mutation]
 19611 | Lair:5   | Lost mutation: Scrolls take you longer to read. [potion of mutation]
 19611 | Lair:5   | Lost mutation: Your mind is acute. (Int +2) [potion of mutation]
 19611 | Lair:5   | Lost mutation: Scrolls take you a little longer to read. [potion of mutation]
 19611 | Lair:5   | Gained mutation: Your flesh is cold resistant. (rC+) [potion of mutation]
 19611 | Lair:5   | Gained mutation: You are partially covered in large bone plates. (SH +4) [potion of mutation]
 19612 | Lair:5   | Lost mutation: You are partially covered in large bone plates. (SH +4) [potion of mutation]
 19612 | Lair:5   | Lost mutation: Your flesh is cold resistant. (rC+) [potion of mutation]
 19612 | Lair:5   | Gained mutation: You are clumsy. (Dex -2) [potion of mutation]
 19612 | Lair:5   | Gained mutation: You have a pair of small horns on your head. [potion of mutation]
 19957 | Lair:6   | Noticed Snorg
 20041 | Lair:6   | Killed Snorg
 20256 | Lair:6   | Reached skill level 18 in Unarmed Combat
 20317 | Lair:6   | Noticed Josephine
 20331 | Lair:6   | Killed Josephine
 20344 | Lair:5   | HP: 6/146 [wraith[Josephine] (2)]
 20345 | Lair:4   | Succumbed to a black mamba's poison

Vault maps used:
D:1:      dpeg_arrival_rooms_with_view
D:2:      grunt_temple_overflow_open, uniq_robin
D:4:      lemuel_castle_with_subvaults, first_bread, minmay_surrounded,
          uniq_grinder
D:5:      old_standard_altar, enter_ossuary_3, uniq_menkaure
D:6:      minmay_temple_entry_overgrown, uniq_duvessa, uniq_eustachio
D:7:      lemuel_bear_cage, lightli_bailey_entry_fortress,
          grunt_qazlal_sundering, uniq_crazy_yiuf_cottage
D:8:      serial_shops, shop_statue, shop, shop,
          nicolae_shop_overgrown_old_shop, nicolae_shop_waterfront
D:9:      due_lair_maze_entry_diamond
D:11:     minmay_mutant_horseshoe
Temple:   eino_temple_rhombus
Lair:1:   lab_entry_generic, beast_lair_carwin_11
Lair:2:   regret_index_wax_grids, beast_lair_carwin_3, infiniplex_staircase_pool
Lair:3:   lemuel_fruit_fields, serial_bayou_shore_b
Lair:4:   elwin_shoals_entry_rocks, minmay_snake_entry_guardpost_medium, pond,
          lemuel_fruit_tree, minmay_lair_oklob_chamber, uniq_urug
Lair:5:   dpeg_slime_entry_enclosed_altar, basic_altar,
          portal_ice_cave_entry_imps, beast_lair_carwin_9
Lair:6:   cheibrodos_lair_end_hotspot, uniq_josephine, uniq_snorg
Lab:      nicolae_lab_dead_adventurers, nicolae_lab_plus, nicolae_lab_x,
          nicolae_lab_grate, nicolae_lab_do_over, nicolae_lab_hexagon,
          lab_statue, nicolae_lab_stuck, labyrinth_skeletal_remains,
          lab_fountain, lab_block
Ossuary:  ossuary_minmay_scorpions
Bailey:   bailey_axe_minmay_hex_keep, bailey
IceCv:    ice_cave_small_giant

Skill      XL: |  1  2  3  4  5  6  7  8  9 10 11 12 13 14 |
---------------+-------------------------------------------+-----
Dodging        | 1 |  1.3
Unarmed Combat | 1 2 3 4 5 6 8 10 11 13 15 17 18 | 18.1
Throwing       | 2 3 4 5 6 7 |  7.5
Fighting       | 2 3 4 5 6 7 8 9 10 11 | 11.4
Evocations     | 1 4 |  4.7
Short Blades   | |  1.5
Stealth        | |  2.1

Action                   |  1- 3 |  4- 6 |  7- 9 | 10-12 | 13-15 || total
-------------------------+-------+-------+-------+-------+-------++-------
Melee: Unarmed           |   134 |   162 |   387 |   497 |   361 ||  1541
       Punch             |     1 |     1 |    18 |    34 |    34 ||    88
       Headbutt          |       |       |       |       |    19 ||    19
 Fire: Blowgun           |       |    14 |    18 |    14 |     7 ||    53
       Hunting sling     |       |     2 |       |       |       ||     2
Throw: Stone             |    77 |   114 |   164 |   209 |   209 ||   773
       Tomahawk          |       |       |    66 |   164 |       ||   230
       Javelin           |       |       |       |       |    60 ||    60
Invok: Shadow Step       |       |       |       |     1 |     5 ||     6
 Abil: Evoke Invisibilit |       |       |       |     2 |     3 ||     5
       Evoke Flight      |       |       |       |       |     3 ||     3
Evoke: Wand              |       |       |       |     7 |    17 ||    24
       Lightning rod     |       |       |       |     3 |     1 ||     4
  Use: Scroll            |       |     3 |     8 |    20 |    18 ||    49
       Potion            |       |       |       |     4 |     6 ||    10
 Stab: Sleeping          |       |     2 |     1 |     2 |     2 ||     7
       Paralysed         |       |       |       |       |    10 ||    10
       Confused          |       |       |       |       |     1 ||     1
  Eat: Chunk             |    21 |    16 |    37 |    55 |    41 ||   170
       Meat ration       |       |     1 |       |     3 |       ||     4
       Royal jelly       |       |       |       |     1 |       ||     1
       Fruit             |       |       |       |       |     4 ||     4
Armor: Robe              |    47 |       |       |       |       ||    47
       Animal skin       |    10 |    35 |    98 |    99 |       ||   242
       Troll leather arm |       |       |       |    81 |   166 ||   247
Dodge: Dodged            |    65 |    50 |   129 |   193 |   131 ||   568
